SAA
LANCASTER FARMERS @ PROVIDENCE PILGRIMS
09/03/2042
 
TOP OF THE 1ST
Lancaster Farmers batting - Pitching for Providence Pilgrims : RHP Ernesto García
Pitching: RHP Ernesto García
Batting: LHB Conrad Overdevest 0-0: Called Strike
0-1: Foul Ball, location: 2F
0-2: Ground out 4-3 (Groundball, 4M, EV 91.2 MPH)
Batting: RHB Barton Ryan 0-0: Ball
1-0: Ball
2-0: Ball
3-0: Base on Balls
Batting: LHB Robert Shannon 0-0: Grounds out, U3 (Groundball, 3L, EV 86.9 MPH)
Batting: RHB Archie Pittman 0-0: Ball
1-0: Called Strike
1-1: Swinging Strike
1-2: Ball
2-2: Ball
3-2: Strikes out swinging
Top of the 1st over - 0 runs, 0 hits, 0 errors, 1 left on base; Lancaster 0 - Providence 0
BOTTOM OF THE 1ST
Providence Pilgrims batting - Pitching for Lancaster Farmers : RHP Fred Jerger
Pitching: RHP Fred Jerger
Batting: LHB David Davis 0-0: Ball
1-0: Reached on error, E6 (Groundball, 56, EV 95.0 MPH)
Batting: RHB Keith Lynn 0-0: Ball
1-0: Ball
2-0: Called Strike
2-1: Called Strike
2-2: Strikes out swinging
Batting: LHB César Valtez 0-0: Ball
1-0: Ball
2-0: Fielders Choice at 2nd, 6-4 (Groundball, 6M, EV 101.9 MPH)
Batting: RHB Gabriel Méndez 0-0: Foul Ball, location: 2F
0-1: Ball
1-1: Foul Ball, location: 2F
1-2: Foul Ball, location: 2F
1-2: Ball
2-2: Fielders Choice at 2nd, 6-4 (Groundball, 6, EV 85.0 MPH)
Bottom of the 1st over - 0 runs, 0 hits, 1 error, 1 left on base; Lancaster 0 - Providence 0
TOP OF THE 2ND
Lancaster Farmers batting - Pitching for Providence Pilgrims : RHP Ernesto García
Batting: RHB António Andrés 0-0: Called Strike
0-1: Called Strike
0-2: Strikes out swinging
Batting: RHB Gonzalo Perales 0-0: Foul Ball, location: 2F
0-1: Ball
1-1: Ball
2-1: Ground out 6-3 (Groundball, 6, EV 84.4 MPH)
Batting: LHB Eugene Walker 0-0: SINGLE (Line Drive, 4MD, EV 102.5 MPH)
Batting: RHB Thurman Williams 0-0: Called Strike
0-1: Ball
1-1: Ground out 1-3 (Groundball, 15, EV 86.2 MPH)
Top of the 2nd over - 0 runs, 1 hit, 0 errors, 1 left on base; Lancaster 0 - Providence 0
BOTTOM OF THE 2ND
Providence Pilgrims batting - Pitching for Lancaster Farmers : RHP Fred Jerger
Batting: RHB Chris Hall 0-0: Called Strike
0-1: Ball
1-1: Ball
2-1: Foul Ball, location: 2F
2-2: Foul Ball, location: 2F
2-2: SINGLE (Line Drive, 6MD, EV 99.4 MPH)
Batting: RHB Carlos González 0-0: Ball
1-0: Ball
2-0: Ball
3-0: Foul Ball, location: 2F
3-1: Called Strike
3-2: Base on Balls
Chris Hall to second
Batting: RHB Julián Vélez 0-0: Called Strike
0-1: Grounds into double play, 4-6-3 (Groundball, 34, EV 111.2 MPH)
Chris Hall to third
Batting: RHB Bill Blair 0-0: Foul Ball, location: 2F
0-1: Ball
1-1: Ball
2-1: Ball
3-1: Base on Balls
Batting: RHB Jesse McCoy 0-0: Ball
1-0: Called Strike
1-1: Ball
2-1: Ball
3-1: Foul Ball, location: 2F
3-2: Strikes out swinging
Bottom of the 2nd over - 0 runs, 1 hit, 0 errors, 2 left on base; Lancaster 0 - Providence 0
TOP OF THE 3RD
Lancaster Farmers batting - Pitching for Providence Pilgrims : RHP Ernesto García
Batting: SHB Raúl Miranda 0-0: Foul Ball, location: 2F
0-1: Called Strike
0-2: Strikes out looking
Batting: LHB Conrad Overdevest 0-0: Fly out, F9 (Flyball, 9LS, EV 88.8 MPH)
Batting: RHB Barton Ryan 0-0: Ball
1-0: Ball
2-0: Ground out 4-3 (Groundball, 4, EV 88.1 MPH)
Top of the 3rd over - 0 runs, 0 hits, 0 errors, 0 left on base; Lancaster 0 - Providence 0
BOTTOM OF THE 3RD
Providence Pilgrims batting - Pitching for Lancaster Farmers : RHP Fred Jerger
Batting: LHB David Davis 0-0: Ball
1-0: Fly out, F8 (Flyball, 8LM, EV 85.0 MPH)
Batting: RHB Keith Lynn 0-0: Ball
1-0: Ball
2-0: Foul Ball, location: 2F
2-1: Swinging Strike
2-2: Strikes out looking
Batting: LHB César Valtez 0-0: Called Strike
0-1: Ball
1-1: Called Strike
1-2: Foul Ball, location: 2F
1-2: Ball
2-2: Ball
3-2: Foul Ball, location: 2F
3-2: Base on Balls
Batting: RHB Gabriel Méndez 0-0: Called Strike
César Valtez is caught stealing 2nd base 2-4
Bottom of the 3rd over - 0 runs, 0 hits, 0 errors, 0 left on base; Lancaster 0 - Providence 0
TOP OF THE 4TH
Lancaster Farmers batting - Pitching for Providence Pilgrims : RHP Ernesto García
Batting: LHB Robert Shannon 0-0: Foul Ball, location: 2F
0-1: SINGLE (Line Drive, 56D, EV 96.9 MPH)
Batting: RHB Archie Pittman 0-0: Ball
1-0: SINGLE (Flyball, 89S, EV 94.4 MPH)
Robert Shannon to second
Runner from 2nd tries for 3rd, SAFE, no throw by RF
Batting: RHB António Andrés 0-0: Ball
1-0: Fly out, F4 (Popup, 4S, EV 66.2 MPH)
Batting: RHB Gonzalo Perales 0-0: Ball
1-0: Called Strike
1-1: Swinging Strike
1-2: Fly out, F6 (Popup, 6MD, EV 51.9 MPH)
Batting: LHB Eugene Walker 0-0: Ball
Wild Pitch!
Robert Shannon scores
Archie Pittman to second
1-0: Called Strike
1-1: Ball
2-1: Called Strike
2-2: Strikes out swinging
Top of the 4th over - 1 run, 2 hits, 0 errors, 1 left on base; Lancaster 1 - Providence 0
BOTTOM OF THE 4TH
Providence Pilgrims batting - Pitching for Lancaster Farmers : RHP Fred Jerger
Batting: RHB Gabriel Méndez 0-0: Ball
1-0: Called Strike
1-1: Swinging Strike
1-2: Strikes out looking
Batting: RHB Chris Hall 0-0: Swinging Strike
0-1: Fly out, F9 (Flyball, 9S, EV 88.1 MPH)
Batting: RHB Carlos González 0-0: Called Strike
0-1: Ball
1-1: Foul Ball, location: 2F
1-2: SINGLE (Groundball, 6D, EV 98.1 MPH)
Batting: RHB Julián Vélez 0-0: Ball
Carlos González is caught stealing 2nd base 2-4
Bottom of the 4th over - 0 runs, 1 hit, 0 errors, 0 left on base; Lancaster 1 - Providence 0
TOP OF THE 5TH
Lancaster Farmers batting - Pitching for Providence Pilgrims : RHP Ernesto García
Batting: RHB Thurman Williams 0-0: Foul Ball, location: 2F
0-1: Foul Ball, location: 2F
0-2: Foul Ball, location: 2F
0-2: Ball
1-2: Ball
2-2: Strikes out swinging
Batting: SHB Raúl Miranda 0-0: Fly out, F8 (Flyball, 8RD, EV 98.1 MPH)
Batting: LHB Conrad Overdevest 0-0: Ball
1-0: Swinging Strike
1-1: Called Strike
1-2: Fly out, F3 (Popup, 3SF, EV 65.0 MPH)
Top of the 5th over - 0 runs, 0 hits, 0 errors, 0 left on base; Lancaster 1 - Providence 0
BOTTOM OF THE 5TH
Providence Pilgrims batting - Pitching for Lancaster Farmers : RHP Fred Jerger
Batting: RHB Julián Vélez 0-0: Foul Ball, location: 2F
0-1: Swinging Strike
0-2: Foul Ball, location: 2F
0-2: Ball
1-2: Ground out 6-3 (Groundball, 6, EV 99.4 MPH)
Pitching: RHP Yuto Inugami
Batting: RHB Bill Blair 0-0: Swinging Strike
0-1: Ball
1-1: Foul Ball, location: 2F
1-2: Foul Ball, location: 2F
1-2: Ball
2-2: Ball
3-2: Strikes out swinging
Batting: RHB Jesse McCoy 0-0: Ball
1-0: Ball
2-0: Ball
3-0: Base on Balls
Batting: LHB David Davis 0-0: Called Strike
0-1: Ball
1-1: Fielders Choice at 2nd, 6-4 (Groundball, 6, EV 101.2 MPH)
Bottom of the 5th over - 0 runs, 0 hits, 0 errors, 1 left on base; Lancaster 1 - Providence 0
TOP OF THE 6TH
Lancaster Farmers batting - Pitching for Providence Pilgrims : RHP Ernesto García
Batting: RHB Barton Ryan 0-0: Ball
1-0: Foul Ball, location: 2F
1-1: Foul Ball, location: 2F
1-2: Strikes out swinging
Batting: LHB Robert Shannon 0-0: Ball
1-0: Foul Ball, location: 2F
1-1: Foul Ball, location: 2F
1-2: Ball
2-2: Ball
3-2: SOLO HOME RUN (Line Drive, 9D, EV 103.8 MPH), Distance : 372 ft
Batting: RHB Archie Pittman 0-0: Foul Ball, location: 2F
0-1: Ball
1-1: SINGLE (Flyball, 89M, EV 95.0 MPH)
Batting: RHB António Andrés 0-0: Ball
1-0: Called Strike
1-1: Swinging Strike
1-2: Grounds into double play, 4-6-3 (Groundball, 4, EV 81.9 MPH)
Top of the 6th over - 1 run, 2 hits, 0 errors, 0 left on base; Lancaster 2 - Providence 0
BOTTOM OF THE 6TH
Providence Pilgrims batting - Pitching for Lancaster Farmers : RHP Yuto Inugami
Batting: RHB Keith Lynn 0-0: Ball
1-0: Called Strike
1-1: Fly out, F7 (Flyball, 7LSF, EV 91.9 MPH)
Batting: LHB César Valtez 0-0: Ball
1-0: Ball
2-0: Ball
3-0: Base on Balls
Batting: RHB Gabriel Méndez 0-0: Ball
1-0: Swinging Strike
1-1: Ball
2-1: Fly out, F4 (Line Drive, 4, EV 64.4 MPH)
Batting: RHB Chris Hall 0-0: Ball
1-0: Foul Ball, location: 2F
1-1: Ball
2-1: Foul Ball, location: 2F
2-2: Foul Ball, location: 2F
2-2: Strikes out looking
Bottom of the 6th over - 0 runs, 0 hits, 0 errors, 1 left on base; Lancaster 2 - Providence 0
TOP OF THE 7TH
Lancaster Farmers batting - Pitching for Providence Pilgrims : RHP Ernesto García
Batting: RHB Gonzalo Perales 0-0: Foul Ball, location: 2F
0-1: Swinging Strike
0-2: Strikes out swinging
Batting: LHB Eugene Walker 0-0: SOLO HOME RUN (Flyball, 9D, EV 88.1 MPH), Distance : 356 ft
Batting: RHB Thurman Williams 0-0: Called Strike
0-1: Swinging Strike
0-2: Ball
1-2: Ball
2-2: Ball
3-2: Strikes out swinging
Batting: SHB Raúl Miranda 0-0: Swinging Strike
0-1: Called Strike
0-2: Ball
1-2: Foul Ball, location: 2F
1-2: Foul Ball, location: 2F
1-2: Ground out U3 (Groundball, 34S, EV 94.4 MPH)
Top of the 7th over - 1 run, 1 hit, 0 errors, 0 left on base; Lancaster 3 - Providence 0
BOTTOM OF THE 7TH
Providence Pilgrims batting - Pitching for Lancaster Farmers : RHP Yuto Inugami
Batting: RHB Carlos González 0-0: Ground out 6-3 (Groundball, 6M, EV 99.4 MPH)
Batting: RHB Julián Vélez 0-0: Swinging Strike
0-1: Ball
1-1: Called Strike
1-2: Ball
2-2: Ball
3-2: Base on Balls
Pitching: RHP Tim Smith
Batting: RHB Bill Blair 0-0: Foul Ball, location: 2F
0-1: Foul Ball, location: 2F
0-2: Ball
1-2: Ball
2-2: Ball
3-2: DOUBLE (Line Drive, 89D, EV 112.5 MPH)
Julián Vélez to third
Julián Vélez scores
Batting: RHB Jesse McCoy 0-0: Ball
1-0: Ball
2-0: Ball
3-0: Called Strike
3-1: Foul Ball, location: 2F
3-2: Ground out 6-3 (Groundball, 56D, EV 84.4 MPH)
Batting: LHB David Davis 0-0: Called Strike
0-1: Ball
1-1: Swinging Strike
1-2: Foul Ball, location: 2F
1-2: Ball
2-2: Foul Ball, location: 2F
2-2: Foul Ball, location: 2F
2-2: Foul Ball, location: 2F
2-2: Ball
3-2: Base on Balls
Batting: RHB Keith Lynn 0-0: Ball
1-0: Foul Ball, location: 2F
1-1: Foul Ball, location: 2F
1-2: Ball
2-2: Reached on error, E5 (Groundball, 56, EV 83.1 MPH)
Bill Blair to third
David Davis to second
Batting: LHB César Valtez 0-0: Called Strike
0-1: Ball
1-1: Ball
2-1: Ball
3-1: SINGLE (Flyball, 4MD, EV 90.0 MPH)
Bill Blair scores
David Davis to third
Keith Lynn to second
Runner from 3rd tries for Home, SAFE, no throw by CF
Batting: RHB Gabriel Méndez 0-0: Ball
Wild Pitch!
Keith Lynn to third
César Valtez to second
1-0: Called Strike
1-1: Ball
2-1: Swinging Strike
2-2: Ball
3-2: Ground out 6-3 (Groundball, 56D, EV 106.9 MPH)
Bottom of the 7th over - 3 runs, 2 hits, 1 error, 2 left on base; Lancaster 3 - Providence 3
TOP OF THE 8TH
Lancaster Farmers batting - Pitching for Providence Pilgrims : RHP Ernesto García
Batting: LHB Conrad Overdevest 0-0: Ball
1-0: Ball
2-0: Ground out 4-3 (Groundball, 4, EV 76.9 MPH)
Batting: RHB Barton Ryan 0-0: Ball
1-0: Ground out 4-3 (Groundball, 34, EV 99.4 MPH)
Batting: LHB Robert Shannon 0-0: Ball
1-0: Foul Ball, location: 2F
1-1: Ground out 4-3 (Groundball, 4M, EV 83.8 MPH)
Top of the 8th over - 0 runs, 0 hits, 0 errors, 0 left on base; Lancaster 3 - Providence 3
BOTTOM OF THE 8TH
Providence Pilgrims batting - Pitching for Lancaster Farmers : RHP Tim Smith
Batting: RHB Chris Hall 0-0: Called Strike
0-1: Ball
1-1: Ball
2-1: Fly out, F8 (Flyball, 8RM, EV 91.9 MPH)
Batting: RHB Carlos González 0-0: Ball
1-0: Called Strike
1-1: Ground out 5-3 (Groundball, 56, EV 81.2 MPH)
Batting: RHB Julián Vélez 0-0: Swinging Strike
0-1: Ball
1-1: Ball
2-1: SINGLE (Groundball, 56D, EV 107.5 MPH)
Pitching: RHP Casey Ball
Batting: RHB Bill Blair 0-0: Called Strike
0-1: Swinging Strike
0-2: Ball
1-2: Foul Ball, location: 2F
1-2: Foul Ball, location: 2F
1-2: Ball
2-2: Ball
3-2: Base on Balls
Julián Vélez to second
Batting: RHB Jesse McCoy 0-0: Called Strike
0-1: Called Strike
0-2: Ball
1-2: Strikes out swinging
Bottom of the 8th over - 0 runs, 1 hit, 0 errors, 2 left on base; Lancaster 3 - Providence 3
TOP OF THE 9TH
Lancaster Farmers batting - Pitching for Providence Pilgrims : RHP Ernesto García
Batting: RHB Archie Pittman 0-0: Ball
1-0: Called Strike
1-1: Ball
2-1: Ball
3-1: Called Strike
3-2: Base on Balls
Pitching: RHP Phat Tra
Pinch Hitting: LHB Alex Joly 0-0: Called Strike
Archie Pittman steals 2nd base
0-1: Ball
1-1: Intentional Walk
Batting: RHB Gonzalo Perales 0-0: Bunt missed!
0-1: Bunted foul
0-2: Fly out, F3 (Popup, 34S, EV 39.4 MPH)
Batting: LHB Eugene Walker 0-0: Ball
1-0: Ball
2-0: Called Strike
2-1: Ball
3-1: SINGLE (Groundball, 6D, EV 109.4 MPH)
Archie Pittman to third
Alex Joly to second
Batting: RHB Thurman Williams 0-0: Ball
1-0: Foul Ball, location: 2F
1-1: Ball
2-1: Swinging Strike
2-2: Fly out, F3 (Popup, 3SF, EV 73.1 MPH)
Batting: SHB Raúl Miranda 0-0: Ball
1-0: SINGLE (Groundball, 4D, EV 108.1 MPH)
Archie Pittman scores
Alex Joly to third
Eugene Walker to second
Runner from 3rd tries for Home, SAFE, no throw by CF
Batting: LHB Conrad Overdevest 0-0: SINGLE (Groundball, 4D, EV 105.6 MPH)
Eugene Walker to third
Raúl Miranda to second
Runner from 3rd tries for Home, SAFE, throw by CF to home
Batting: RHB Barton Ryan 0-0: Called Strike
0-1: Foul Ball, location: 2F
0-2: SINGLE (Groundball, 56D, EV 95.6 MPH)
Raúl Miranda to third
Conrad Overdevest to second
Runner from 3rd tries for Home, SAFE, throw by LF to home
Batting: LHB Robert Shannon 0-0: Called Strike
0-1: Foul Ball, location: 2F
0-2: Foul Ball, location: 2F
0-2: Ground out 1-3 (Groundball, P, EV 63.8 MPH)
Top of the 9th over - 4 runs, 4 hits, 0 errors, 2 left on base; Lancaster 7 - Providence 3
BOTTOM OF THE 9TH
Providence Pilgrims batting - Pitching for Lancaster Farmers : RHP Casey Ball
Now at C: Hughie Chesire
Batting: LHB David Davis 0-0: Ball
1-0: Called Strike
1-1: SINGLE (Line Drive, 34D, EV 96.2 MPH)
Batting: RHB Keith Lynn 0-0: Called Strike
0-1: Swinging Strike
0-2: Ball
1-2: Ball
2-2: Foul Ball, location: 2F
2-2: Grounds into double play, 6-4-3 (Groundball, 6M, EV 88.1 MPH)
Batting: LHB César Valtez 0-0: SINGLE (Line Drive, 9S, EV 98.8 MPH)
Batting: RHB Gabriel Méndez 0-0: Ball
1-0: Foul Ball, location: 2F
1-1: SINGLE (Line Drive, 4MD, EV 96.9 MPH)
César Valtez to second
Pitching: LHP Bruce Reeves
Batting: RHB Chris Hall 0-0: Called Strike
0-1: Fly out, F8 (Flyball, 8LS, EV 92.5 MPH)
Bottom of the 9th over - 0 runs, 3 hits, 0 errors, 2 left on base; Lancaster 7 - Providence 3
Friday, March 26th, 2021 - OOTP Baseball 20.8 Build 74